 Dungeon Crawl Stone Soup version 0.26.0-10-g1f06aea511 (webtiles) character file.

Game seed: 2221669034590241464

2545 Dracia the Tainter (level 9, 0/71 HPs)
             Began as a Demonspawn Venom Mage on Jan 17, 2021.
             Was an Initiate of Sif Muna.
             Slain by a killer bee (6 damage)
             ... on level 7 of the Dungeon.
             The game lasted 00:24:35 (11273 turns).

Dracia the Tainter (Demonspawn Venom Mage)         Turns: 11273, Time: 00:24:35

Health: 0/71       AC:  8    Str: 11    XL:     9   Next: 30%
Magic:  0/12       EV: 12    Int: 18    God:    Sif Muna [......]
Gold:   590        SH:  0    Dex: 13    Spells: 3/12 levels left

rFire    + . .     SeeInvis .   u - +2 whip (elec)
rCold    . . .     Faith    .   (no shield)
rNeg     . . .     Spirit   +   a - +0 robe
rPois    .         Reflect  .   (helmet restricted)
rElec    .         Harm     .   r - +2 cloak
rCorr    .         Rampage  .   (no gloves)
Will     .....                  (no boots)
Stlth    ++........             (no amulet)
HPRegen  0.21/turn              (no ring)
MPRegen  0.26/turn              (no ring)

@: lethally poisoned (0 -> -5)
A: antennae 1, thin metallic scales 2, fire resistance 1, magic shield, magic
regeneration
a: Renounce Religion


You were on level 7 of the Dungeon.
You worshipped Sif Muna.
Sif Muna was noncommittal.
You visited 2 branches of the dungeon, and saw 9 of its levels.

You collected 590 gold pieces.


Innate Abilities, Weirdness & Mutations

You have a pair of small antennae on your head.
You are mostly covered in thin metallic scales. (AC +3)
Your flesh is heat resistant. (rF+)
When hurt, damage is shared between your health and your magic reserves.
You regenerate magic rapidly.


   Skills:
 + Level 6.4 Fighting
 - Level 1.7 Dodging
 - Level 1.7 Stealth
 - Level 2.0 Spellcasting
 - Level 0.8 Transmutations
 * Level 10.8 Poison Magic
 + Level 3.1 Invocations


You had 3 spell levels left.
You knew the following spells:

 Your Spells              Type           Power        Failure   Level
m - Mephitic Cloud        Conj/Pois/Air  14%          12%         3
p - Poisonous Vapours     Pois/Air       42%          3%          2
z - Sting                 Tmut/Pois      88%          1%          1
X - Ignite Poison         Fire/Tmut/Pois 15%          11%         3

Your spell library contained the following spells:

 Spells                   Type           Power        Failure   Level
 Confusing Touch          Hex            1%           47%         3
 Gell's Gravitas          Tloc           0%           47%         3
 Olgreb's Toxic Radiance  Pois           40%          1%          4
 Petrify                  Tmut/Erth      3%           83%         4
 Metabolic Englaciation   Hex/Ice        0%           99%         5
 Yara's Violent Unravell  Hex/Tmut       1%           99%         5

Inventory:

Hand Weapons
 b - a +0 dagger
 h - a +0 spear
 u - a +2 whip of electrocution (weapon)
 x - a +2 vampiric dagger
Missiles
 j - 2 poisoned darts
Armour
 a - a +0 robe (worn)
 n - a +0 helmet
 o - a +0 helmet
 r - a +2 cloak (worn)
Jewellery
 g - an uncursed amulet of regeneration
Wands
 p - a wand of random effects (12)
 B - a wand of flame (13)
Scrolls
 c - 2 scrolls of noise
 l - a scroll of fear
 s - a scroll of remove curse {@r2@r2}
 t - a scroll of fog
 z - a scroll of identify {@r1@r1}
 A - a scroll of magic mapping
 D - a scroll of teleportation {@r4@r4}
Potions
 d - a potion of might
 f - a potion of brilliance
 i - 2 potions of curing {@q1@q1}
 k - 5 potions of degeneration
 m - 2 potions of attraction
 q - 2 potions of lignification
 v - 2 potions of flight
 w - a potion of haste {@q3@q3}
 C - a potion of mutation

Dungeon Overview and Level Annotations

Branches:
Dungeon (8/15)             Temple (1/1) D:4
   Lair: D:8-11

Altars:
Ashenzari
Cheibriados
Dithmenos
Elyvilon
Fedhas
Gozag
Hepliaklqana
Kikubaaqudgha
Makhleb
Nemelex Xobeh
Okawaru
Qazlal
Ru
Sif Muna
Trog
Uskayaw
Vehumet
Wu Jian
Xom
Yredelemnul
Zin
The Shining One

Annotations:
D:7 2 runed translucent doors, exclusion: orange crystal statue

####......# ##.####...# #......
### ###.#### #........# #...##.
..# #.# ######...# #...##. #.#
##'## ##.## #....(. #.# ##...##
#.# #...... #.# ##....)## ### #.#
###.### #.###....[).## ##.###.#
#....
#.##.........####y..##.########..
...'.........(.y@yy........(.....
#.##.........####{...#.#.######..
#.###....)..## #...##.#..# #..
..# ##.....## #.#.#..#..# #.# ###
##...## #.#.#.##..# #.# ###'#####
#........## #.# ###
#.......########...## #.# ..#
#.#.###.##.......### #.# #.#
#.#.###.##.####### #..


You could see 4 killer bees.


Message History

The killer bee closely misses you. The killer bee barely misses you.
The killer bee closely misses you. Something barely misses you.
You climb upwards.
Level annotation: 2 runed translucent doors, exclusion: orange crystal statue Reactivating autopickup.
You feel sick.
There is a stone staircase leading down here.
You barely miss the killer bee.
You feel sick. The killer bee stings you.
* * * LOW HITPOINT WARNING * * *
The killer bee stings you but does no damage. x2
The killer bee stings you!
* * * LOW HITPOINT WARNING * * *
The killer bee barely misses you. The killer bee stings you.
* * * LOW HITPOINT WARNING * * *
Something barely misses you. The killer bee stings you.
The killer bee barely misses you.
You feel better. The killer bee closely misses you. The killer bee stings you.
* * * LOW HITPOINT WARNING * * *
The killer bee stings you!
* * * LOW HITPOINT WARNING * * *
You are poisoned.
The killer bee poisons you! The killer bee stings you.
* * * LOW HITPOINT WARNING * * *
Something hits you.
* * * LOW HITPOINT WARNING * * *
Something shocks you.
* * * LOW HITPOINT WARNING * * *
Deactivating autopickup; reactivate with Ctrl-A.
The killer bee stings you.
You die...

Skill      XL: |  1  2  3  4  5  6  7  8  9 |
---------------+----------------------------+-----
Poison Magic   | 4 5 6 7 8 10 | 10.8
Fighting       | 1 2 4 6 |  6.4
Invocations    | 1 3 |  3.1
Dodging        | |  1.7
Stealth        | |  1.7
Spellcasting   | |  2.0
Transmutations | |  0.8

Action                   |  1- 3 |  4- 6 |  7- 9 || total
-------------------------+-------+-------+-------++-------
Melee: Unarmed           |     8 |       |       ||     8
       Dagger            |    63 |    53 |   127 ||   243
       Spear             |       |    65 |    82 ||   147
       Whip              |       |       |    83 ||    83
 Cast: Sting             |    68 |   123 |    95 ||   286
       Poisonous Vapours |     2 |     7 |    12 ||    21
       Mephitic Cloud    |       |       |    12 ||    12
       Ignite Poison     |       |       |     4 ||     4
Evoke: Wand              |       |       |     2 ||     2
  Use: Scroll            |       |    14 |    12 ||    26
       Potion            |       |       |     3 ||     3
 Stab: Sleeping          |       |     1 |       ||     1
       Confused          |       |       |     4 ||     4
       Distracted        |       |       |     1 ||     1
Armor: Robe              |    24 |    54 |   120 ||   198
Dodge: Dodged            |    84 |   109 |   226 ||   419

Levels and vault maps discovered:
D:1:      sevenhm_arrival_forest_fort_small_1, layout_basic
D:2:      layout_loops_ring, nicolae_overflow_crystal_walls, uniq_robin
D:3:      layout_loops_ring, lemuel_crystal_altar
D:4:      layout_loops_corners, kennysheep_mini_moat,
          fedhas_bush_and_centaur_altar, lemuel_coloured_pillars_altar,
          minmay_temple_entry_offerings, lightli_sewer_entry_pipes,
          moated_statue
D:5:      layout_loops_ring
D:6:      layout_loops_ring, nicolae_ashenzari_panopticon, lemuel_doored_altar,
          hex_tiny, minmay_misc_feat_rugged, hangedman_minor_gate_pass,
          uniq_pikel
D:7:      layout_loops_corners, chequers_guarded_unrand_ignorance
D:8:      layout_cave_pools, david_lair_shrubbed, nicolae_ru_path_of_blood
Temple:   regret_index_temple_waves

Notes
Turn   | Place    | Note
-------+----------+-------------------------------------------
     0 | D:1      | Dracia the Demonspawn Venom Mage began the quest for the
                  | Orb.
     0 | D:1      | Reached XP level 1. HP: 13/13 MP: 3/3
   259 | D:1      | Gained mutation: You are partially covered in thin metallic
                  | scales. (AC +2) [demonic ancestry]
   259 | D:1      | Reached XP level 2. HP: 9/19 MP: 0/5
   974 | D:2      | Noticed Robin
   988 | D:1      | Reached skill level 4 in Poison Magic
  1158 | D:1      | Gained mutation: You are mostly covered in thin metallic
                  | scales. (AC +3) [demonic ancestry]
  1158 | D:1      | Reached XP level 3. HP: 14/24 MP: 3/6
  1225 | D:1      | Killed Robin
  1311 | D:2      | Learned a level 2 spell: Poisonous Vapours
  1315 | D:2      | Learned a level 3 spell: Mephitic Cloud
  1601 | D:2      | Reached skill level 5 in Poison Magic
  1601 | D:2      | Gained mutation: When hurt, damage is shared between your
                  | health and your magic reserves. [demonic ancestry]
  1601 | D:2      | Reached XP level 4. HP: 30/30 MP: 3/7
  2369 | D:2      | Found a snail-covered altar of Cheibriados.
  2668 | D:3      | Gained mutation: You have a pair of small antennae on your
                  | head. [demonic ancestry]
  2668 | D:3      | Reached XP level 5. HP: 30/36 MP: 0/8
  2862 | D:3      | Reached skill level 1 in Fighting
  2890 | D:3      | Reached skill level 6 in Poison Magic
  3090 | D:3      | Found a sacrificial altar of Ru.
  3471 | D:3      | Reached XP level 6. HP: 44/44 MP: 4/9
  3651 | D:3      | Learned a level 3 spell: Ignite Poison
  3892 | D:4      | Reached skill level 2 in Fighting
  4018 | D:4      | Reached skill level 7 in Poison Magic
  4920 | D:5      | Entered Level 5 of the Dungeon
  4988 | D:5      | Reached XP level 7. HP: 46/47 MP: 5/10
  5079 | D:5      | Reached skill level 3 in Fighting
  5563 | D:5      | Reached skill level 8 in Poison Magic
  6239 | D:4      | Found a blossoming altar of Fedhas.
  6251 | D:4      | Found a staircase to the Ecumenical Temple.
  6322 | D:4      | Reached skill level 4 in Fighting
  6522 | D:4      | Found a shadowy altar of Dithmenos.
  7337 | Temple   | Entered the Ecumenical Temple
  7507 | D:5      | Gained mutation: You regenerate magic rapidly. [demonic
                  | ancestry]
  7507 | D:5      | Reached XP level 8. HP: 24/53 MP: 5/11
  7849 | D:6      | Found a glowing golden altar of the Shining One.
  7911 | D:6      | Reached skill level 9 in Poison Magic
  8124 | D:6      | Found a broken altar of Ashenzari.
  8280 | D:6      | Noticed Pikel
  8317 | D:6      | Killed Pikel
  8318 | D:6      | Reached skill level 5 in Fighting
  8318 | D:6      | Reached skill level 10 in Poison Magic
  9288 | Temple   | Became a worshipper of Sif Muna the Loreminder
  9469 | D:4      | Found a bloodstained altar of Trog.
  9686 | D:4      | Reached skill level 6 in Fighting
  9686 | D:4      | Reached skill level 1 in Invocations
  9686 | D:4      | Gained mutation: Your flesh is heat resistant. (rF+)
                  | [demonic ancestry]
  9686 | D:4      | Reached XP level 9. HP: 60/67 MP: 12/12
 10143 | D:7      | Reached skill level 2 in Invocations
 10475 | D:7      | Found a runed translucent door.
 10477 | D:7      | Found the +10 tower shield of Ignorance {rN+ Int-4}
 10490 | D:7      | Found a runed translucent door.
 10495 | D:7      | Noticed an orange crystal statue
 11072 | D:7      | Reached skill level 3 in Invocations
 11273 | D:7      | HP: 6/71 [something (5)]
 11273 | D:7      | Slain by a killer bee

Vanquished Creatures
  Pikel (D:6)
  An ice beast (D:6)
  A sky beast (D:5)
  A black bear (D:7)
  4 ogres
  2 centaurs
  2 lemures (D:6)
  A bullfrog (D:6)
  A wyvern zombie (D:7)
  A scorpion (D:5)
  A killer bee (D:8)
  5 wights (D:4)
  A centaur zombie (D:6)
  4 hounds
  3 jellies
  2 orc priests
  A bullfrog skeleton (D:6)
  3 orc wizards
  4 iguanas
  5 worker ants
  A hound skeleton (D:5)
  A howler monkey zombie (D:5)
  Robin (D:1)
  7 gnolls
  3 river rats
  11 adders
  2 white imps (D:5)
  An adder zombie (D:5)
  7 worms
  2 leopard geckos
  7 orcs
  2 ball pythons
  9 bats
  11 giant cockroaches
  19 goblins
  8 hobgoblins
  9 jackals
  4 kobolds
  6 frilled lizards
  2 quokka skeletons
  4 rats
161 creatures vanquished.

Table legend: (Time is in decaauts)
 A = Elapsed time spent in this place.
 B = Non-inter-level travel time spent in this place.
 C = Inter-level travel time spent in this place.
 D = Time resting spent in this place.
 E = Time spent auto-exploring this place.
 F = Levels seen in this place.
 G = Mean time per level.
                   A        B        C        D        E       F      G
               +--------+--------+--------+--------+--------+-----+--------+
         Total |  11318 |  10571 |    747 |   1417 |   7222 |   9 | 1257.6 |
       Dungeon |  11110 |  10545 |    565 |   1417 |   7198 |   8 | 1388.8 |
        Temple |    207 |     25 |    182 |      0 |     24 |   1 |  207.0 |
               +--------+--------+--------+--------+--------+-----+--------+

Top non-repeatable levels by time:
     D:4: 2514 daAuts
     D:3: 1670 daAuts
     D:5: 1652 daAuts
     D:2: 1349 daAuts
     D:6: 1325 daAuts
     D:7: 1298 daAuts
     D:1: 1286 daAuts
  Temple: 207 daAuts
     D:8: 12 daAuts

Table legend:
 A = Non-vault XP
 B = Vault XP
 C = Vault XP percentage of total XP
 D = Non-vault monster count
 E = Vault monster count
 F = Vault count percentage of total count
                 A         B        C        D         E       F
            +---------+---------+-------+---------+---------+-------
      Total |    2474 |    1162 |  32.0 |     136 |      23 |  14.5
            +---------+---------+-------+---------+---------+-------
        D:1 |      31 |      31 |  50.0 |      17 |       9 |  34.6
        D:2 |     111 |       3 |   2.6 |      20 |       2 |   9.1
        D:3 |     221 |       0 |   0.0 |      31 |       0 |   0.0
        D:4 |     622 |     161 |  20.6 |      24 |       6 |  20.0
        D:5 |     578 |      14 |   2.4 |      23 |       1 |   4.2
        D:6 |     186 |     953 |  83.7 |       4 |       5 |  55.6
        D:7 |     664 |       0 |   0.0 |      16 |       0 |   0.0
        D:8 |      61 |       0 |   0.0 |       1 |       0 |   0.0
            +---------+---------+-------+---------+---------+-------
